 Dungeon Crawl Stone Soup version 0.22-a0-558-gc224181 (webtiles) character file.

11418 royokou the Thaumaturge (level 11, -5/90 HPs)
             Began as a Deep Elf Conjurer on June 27, 2018.
             Was a Priest of Vehumet.
             Killed by the air
             ... invoked by Gastronok
              (16 damage)
             ... on level 2 of the Lair of Beasts.
             The game lasted 01:22:59 (13351 turns).

royokou the Thaumaturge (Deep Elf Conjurer)        Turns: 13351, Time: 01:23:03

Health: -5/90      AC: 25    Str:  8    XL:     11   Next: 49%
Magic:  2/29       EV:  2    Int: 21    God:    Vehumet [***...]
Gold:   435        SH:  0    Dex: 21    Spells: 22/35 levels left

rFire    . . .     SeeInvis .   s - +2 mace (venom)
rCold    . . .     Gourm    +   (no shield)
rNeg     + + +     Faith    .   (armour currently unavailable)
rPois    +         Spirit   .   (helmet currently unavailable)
rElec    .         Reflect  .   (cloak currently unavailable)
rCorr    .         Harm     .   (gloves currently unavailable)
MR       +....     NoTele   +   (boots currently unavailable)
Stlth    +++.......             b - amulet of the gourmand
HPRegen  0.25/turn              K - +5 ring of evasion
MPRegen  0.21/turn              z - +6 ring of dexterity

@: tree-form (expiring), slowed, very slow
A: no striking features
a: Renounce Religion


You were on level 2 of the Lair of Beasts.
You worshipped Vehumet.
Vehumet was most pleased with you.
You were not hungry.
You were a tree.
You visited 3 branches of the dungeon, and saw 13 of its levels.
You also visited: Ossuary.

You collected 655 gold pieces.
You spent 220 gold pieces at shops.

Inventory:

Hand Weapons
 o - a +4 dagger
 s - a +2 mace of venom (weapon)
 I - a +0 morningstar of freezing
 Z - a +0 great mace of crushing
Missiles
 h - 75 bolts
Armour
 a - a +0 robe
 j - a +0 robe
 k - a +0 chain mail
 l - a +0 robe
 m - a +0 robe
 p - a +1 leather armour (melded)
 t - a +0 plate armour
 v - a +0 ring mail
 F - a +2 cloak (melded)
Jewellery
 b - an amulet of the gourmand (around neck)
 f - an uncursed ring of fire
 i - an uncursed ring of flight
 q - a cursed -2 ring of slaying {unknown}
 y - a +2 ring of evasion
 z - a +6 ring of dexterity (right branch)
 K - a +5 ring of evasion (left branch)
 L - an uncursed ring of see invisible
 P - the amulet "Vytecah" {Regen+ Int+3, unknown}
   (You found it on level 9 of the Dungeon)

   [amulet of regeneration]

   It affects your intelligence (+3).
   It increases your rate of regeneration.
 S - an uncursed ring of fire
 T - an uncursed ring of wizardry
 Y - an uncursed ring of poison resistance
Wands
 A - a wand of disintegration (6)
 B - a wand of digging (32)
 J - a wand of enslavement (8)
 M - a wand of polymorph (9)
 U - a wand of paralysis (33)
Scrolls
 e - 4 scrolls of magic mapping
 g - 3 scrolls of amnesia
 n - 3 scrolls of fog
 r - 4 scrolls of enchant weapon
 u - 4 scrolls of immolation
 w - 16 scrolls of identify
 D - a scroll of fear
 G - 8 scrolls of remove curse
 H - 6 scrolls of teleportation
 N - a scroll of holy word
 W - a scroll of blinking
Potions
 d - a potion of brilliance
 x - 8 potions of curing
 C - 4 potions of degeneration
 E - a potion of agility
 O - 2 potions of ambrosia
 Q - 2 potions of flight
 R - a potion of haste
 X - 3 potions of resistance {unknown}
Comestibles
 c - 28 rations


   Skills:
 + Level 3.4 Fighting
   Level 0.2(3.7) Axes
 + Level 5.5 Maces & Flails
 + Level 4.3 Armour
 + Level 5.7 Dodging
 + Level 5.1 Stealth
 + Level 12.5 Spellcasting
 + Level 11.3 Conjurations
 + Level 5.3 Hexes


You had 22 spell levels left.
You knew the following spells:

 Your Spells              Type           Power        Failure   Level  Hunger
a - Magic Dart            Conj           ####         1%          1    None
b - Searing Ray           Conj           ######       1%          2    None
c - Iskenderun's Mystic   Conj           ######..     1%          4    None
d - Confuse               Hex            #####...     1%          3    None
e - Mephitic Cloud        Conj/Pois/Air  ####....     1%          3    None

Your spell library contained the following spells:

 Spells                   Type           Power        Failure   Level  Hunger
 Tukima's Dance           Hex            #####...     1%          3    None
 Ensorcelled Hibernation  Hex/Ice        ###...       2%          2    None
 Corona                   Hex            #####..      1%          1    None
 Fulminant Prism          Conj/Hex       #####.....   1%          4    None
 Dazzling Spray           Conj/Hex       #####.       1%          3    None
 Force Lance              Conj/Tloc      #####...     1%          4    None


Dungeon Overview and Level Annotations

Branches:
Dungeon (10/15)            Temple (1/1) D:4            Lair (2/6) D:8
  Swamp: Lair:2-4    Shoals: Lair:2-4     Snake: Lair:2-4    Spider: Lair:2-4
    Orc: D:9-12

Altars:
Ashenzari
Cheibriados
Dithmenos
Elyvilon
Fedhas
Gozag
Hepliaklqana
Kikubaaqudgha
Makhleb
Nemelex Xobeh
Okawaru
Qazlal
Ru
Sif Muna
Trog
Uskayaw
Vehumet
Wu Jian
Yredelemnul
Zin
The Shining One

Shops:
D:10 *

Annotations:
D:4 3 runed doors, Smoke131's ghost, amateur OgBe
Lair:2 Gastronok


Message History

Casting: Iskenderun's Mystic Blast (safe; 1% risk of failure)
Confirm with . or Enter, or press ? or * to list all spells.
Aiming: Iskenderun's Mystic Blast (safe; 1% risk of failure)
Press: ? - help, Shift-Dir - straight line, f/p - Gastronok
Aim: Gastronok, wearing a hat (severely wounded)
The orb of energy hits Gastronok.
Gastronok is severely wounded.
Your transformation is almost over.
Casting: Iskenderun's Mystic Blast (safe; 1% risk of failure)
Confirm with . or Enter, or press ? or * to list all spells.
Aiming: Iskenderun's Mystic Blast (safe; 1% risk of failure)
Press: ? - help, Shift-Dir - straight line, f/p - Gastronok
Aim: Gastronok, wearing a hat (severely wounded)
The orb of energy hits Gastronok.
Gastronok is almost dead.
The orb of energy explodes!
The mystic blast hits the plant.
The plant is moderately damaged.
Gastronok waves his eye-stalks in wide circles.
The air twists around and strikes you!
You die...

## # .#### ### .#
.##.####P######
####.#
.............P#
#.... .
..###.##..#..##
### ##..# #. ###
######...#
####P###...# ###.#
###.#
#...w.....P###....
#.#
#♣#.##......P..P.#
###
##########..P.P...
##....... ###.....
#..... #..w.#
##....# ####.>.#..
#.........


You could see Gastronok.

Vanquished Creatures
  2 two-headed ogres
  Urug (Lair:2)
  An unseen horror (D:10)
  Pikel (D:4)
  A spiny frog (Lair:1)
  2 komodo dragons
  Prince Ribbit (D:6)
  Grinder (D:3)
  4 blink frogs (Lair:2)
  A spriggan (D:9)
  8 yaks (Lair:1)
  A steam dragon (Lair:2)
  3 water moccasins
  6 porcupines
  3 orc warriors
  A slave (D:4)
  2 ice beasts
  A phantom (D:7)
  A black bear (D:10)
  2 sky beasts (D:9)
  2 necrophages
  4 ogres
  2 centaurs
  4 crocodiles
  9 bullfrogs
  A wyvern skeleton (D:9)
  2 scorpions
  A water moccasin skeleton (D:9)
  4 howler monkeys
  An electric eel (D:9)
  4 crimson imps
  A bullfrog zombie (D:5)
  A centaur zombie (D:7)
  Crazy Yiuf (D:3)
  2 human zombies (Ossuary)
  4 orc priests
  3 bullfrog skeletons
  6 hounds
  A centaur skeleton (D:10)
  2 jellies
  4 orc wizards
  6 iguanas
  10 worker ants
  Ijyb (D:3)
  Natasha (thrice) (D:3)
  4 mummies (Ossuary)
  6 adders
  4 shadow imps
  An ooze (D:1)
  6 worms
  4 dart slugs
  3 leopard geckos
  22 orcs
  5 bats
  5 giant cockroaches
  2 gnoll zombies (Ossuary)
  7 goblins
  8 hobgoblins
  7 jackals
  2 ball pythons
  3 frilled lizards
  2 goblin zombies (Ossuary)
  4 kobolds
  A kobold zombie (Ossuary)
  An orc zombie (Ossuary)
  A quokka skeleton (D:9)
  A quokka zombie (D:9)
  8 rats
229 creatures vanquished.

Vanquished Creatures (others)
  A wizard (D:3)
  A worker ant (D:4)
  A butterfly (D:4)
  4 plants (Lair:2)
7 creatures vanquished.

Grand Total: 236 creatures vanquished

Notes
Turn   | Place    | Note
-------+----------+-------------------------------------------
     0 | D:1      | royokou the Deep Elf Conjurer began the quest for the Orb.
     0 | D:1      | Reached XP level 1. HP: 10/10 MP: 6/6
   137 | D:1      | Reached XP level 2. HP: 15/15 MP: 0/8
   295 | D:1      | Reached skill level 5 in Conjurations
   299 | D:1      | Learned a level 2 spell: Searing Ray
   735 | D:1      | Reached XP level 3. HP: 15/19 MP: 4/9
  1671 | D:2      | Reached XP level 4. HP: 24/24 MP: 5/11
  1677 | D:2      | Learned a level 4 spell: Iskenderun's Mystic Blast
  2278 | D:3      | Noticed Natasha
  2285 | D:3      | Killed Natasha
  2285 | D:3      | Reached skill level 4 in Spellcasting
  2311 | D:3      | Noticed Ijyb
  2318 | D:3      | Killed Ijyb
  2318 | D:3      | Reached XP level 5. HP: 25/28 MP: 1/13
  2440 | D:3      | Noticed Grinder
  2451 | D:3      | Killed Grinder
  2451 | D:3      | Reached skill level 1 in Armour
  2451 | D:3      | Reached skill level 5 in Spellcasting
  2451 | D:3      | Reached XP level 6. HP: 32/32 MP: 0/15
  2458 | D:3      | Noticed Natasha
  2478 | D:3      | Killed Natasha
  2650 | D:3      | Noticed Natasha
  2653 | D:3      | Killed Natasha
  2722 | D:3      | Found a bloodstained altar of Trog.
  2723 | D:3      | Noticed a wizard
  2729 | D:3      | Killed a wizard
  2771 | D:3      | Found a runed door.
  2775 | D:3      | Noticed Crazy Yiuf
  2780 | D:3      | Killed Crazy Yiuf
  2869 | D:4      | Found a staircase to the Ecumenical Temple.
  2874 | D:4      | Noticed Pikel
  2874 | D:4      | Noticed a slave
  2874 | D:4      | Noticed a slave
  2875 | D:4      | Noticed a slave
  2876 | D:4      | Noticed a slave
  2892 | D:4      | Killed Pikel
  2892 | D:4      | Reached skill level 1 in Maces & Flails
  2892 | D:4      | Reached skill level 6 in Spellcasting
  2892 | D:4      | Reached XP level 7. HP: 21/37 MP: 3/19
  2910 | Temple   | Entered the Ecumenical Temple
  2949 | Temple   | Became a worshipper of Vehumet
  3215 | D:4      | Found a shattered altar of Ashenzari.
  3216 | D:4      | Found a white marble altar of Elyvilon.
  3216 | D:4      | Found a bloodstained altar of Trog.
  3218 | D:4      | Found a hazy altar of Hepliaklqana.
  3609 | D:4      | Found a runed gate.
  3609 | D:4      | Found a runed gate.
  3609 | D:4      | Found a runed gate.
  3615 | D:4      | Noticed Smoke131's ghost (amateur OgBe)
  3704 | D:5      | Entered Level 5 of the Dungeon
  3741 | D:5      | Reached skill level 7 in Spellcasting
  3741 | D:5      | Reached XP level 8. HP: 42/42 MP: 9/20
  4148 | D:5      | Found a bloodstained altar of Trog.
  4795 | D:5      | Reached skill level 1 in Fighting
  5226 | D:6      | Noticed Prince Ribbit
  5280 | D:6      | Killed Prince Ribbit
  5280 | D:6      | Reached skill level 8 in Spellcasting
  6226 | D:6      | Found a blossoming altar of Fedhas.
  6516 | D:7      | Reached * piety under Vehumet
  6516 | D:7      | Offered knowledge of Sting by Vehumet.
  6538 | D:7      | Reached XP level 9. HP: 32/48 MP: 15/23
  7028 | D:7      | Reached skill level 9 in Spellcasting
  7337 | D:7      | Found a stormy altar of Qazlal.
  7350 | D:7      | Learned a level 3 spell: Confuse
  7547 | D:8      | Reached skill level 1 in Hexes
  7571 | D:8      | Found a staircase to the Lair.
  7641 | D:8      | Found a sand-covered staircase.
  7675 | Ossuary  | Entered an ossuary
  8064 | D:8      | Noticed a two-headed ogre
  8075 | D:8      | Killed a two-headed ogre
  8096 | D:8      | Reached ** piety under Vehumet
  8647 | D:9      | Offered knowledge of Throw Frost by Vehumet.
  8849 | D:9      | Reached XP level 10. HP: 53/53 MP: 16/25
  8888 | D:9      | Got a brightly glowing brass amulet
  9152 | D:9      | Reached skill level 10 in Spellcasting
  9369 | D:9      | Offered knowledge of Static Discharge by Vehumet.
  9888 | D:10     | Entered Level 10 of the Dungeon
 10150 | D:10     | Found Iczuif's Serpentskin Sales.
 10163 | D:10     | Bought an uncursed ring of poison resistance for 220 gold pieces
 10187 | D:10     | Found a bloodstained altar of Trog.
 10233 | D:10     | Killed an unseen horror
 10233 | D:10     | Reached skill level 10 in Conjurations
 10425 | D:10     | Noticed a two-headed ogre
 10429 | D:10     | Killed a two-headed ogre
 10429 | D:10     | Reached *** piety under Vehumet
 10429 | D:10     | Reached skill level 11 in Spellcasting
 10429 | D:10     | Reached skill level 5 in Hexes
 10678 | D:10     | Reached skill level 5 in Dodging
 11116 | Lair:1   | Entered Level 1 of the Lair of Beasts
 11409 | Lair:1   | Reached XP level 11. HP: 43/60 MP: 4/28
 11585 | Lair:1   | Reached skill level 5 in Maces & Flails
 11831 | Lair:1   | Offered knowledge of Mephitic Cloud by Vehumet.
 11836 | Lair:1   | Learned a level 3 spell: Mephitic Cloud
 12139 | Lair:1   | Reached skill level 5 in Stealth
 12758 | Lair:2   | Reached skill level 12 in Spellcasting
 13069 | Lair:2   | Noticed Gastronok
 13069 | Lair:2   | Noticed Urug
 13095 | Lair:2   | Killed Urug
 13331 | Lair:2   | HP: 2/60 [Gastronok/the air (31)]
 13351 | Lair:2   | Killed from afar by Gastronok

Vault maps used:
D:1:      zelgadis_glass_arrival_large
D:3:      trog_wizard, uniq_ijyb, uniq_crazy_yiuf_cottage, uniq_grinder,
          uniq_natasha
D:4:      grunt_temple_overflow_open, minmay_temple_entry_butterflies,
          gammafunk_ghost_necromancy, uniq_pikel
D:5:      first_ration, minivault_23, dk_vineyard_3, lemuel_statue_altar
D:6:      fedhas_altar_4, serial_glass, glass_columns_a, glass_columns_b,
          nrook_mini_backslash, lightli_orcish_oven, uniq_prince_ribbit1
D:7:      nicolae_qazlal_eye_of_the_storm
D:8:      lair_entry_dummy, nicolae_ossuary_entry_false_entrances
D:9:      grunt_pizzeria, kennysheep_big_empty_room
D:10:     basic_altar, minmay_misc_feat_more_columns, stair_cage_cross,
          guppyfry_shop_venom
Temple:   nicolae_temple_x_marks_the_god
Lair:1:   hangedman_lair_unloving_vines, lemuel_fruit_fields,
          serial_bayou_shore_a, serial_bayou_shore_b
Lair:2:   dpeg_oklob_gauntlet, lemuel_fruit_tree, lemuel_fruit_fields,
          uniq_gastronok, uniq_urug
Ossuary:  ossuary_crypta

Skill      XL: |  1  2  3  4  5  6  7  8  9 10 11 |
---------------+----------------------------------+-----
Conjurations   | 5 6 7 8 9 10 11 | 11.3
Spellcasting   | 4 5 6 7 8 9 11 12 | 12.5
Armour         | 1 2 3 4 |  4.3
Stealth        | 3 4 5 |  5.1
Maces & Flails | 1 2 4 5 |  5.5
Dodging        | 3 4 5 |  5.7
Fighting       | 1 2 3 |  3.4
Hexes          | 3 5 |  5.3
Axes           | |  0.2

Action                   |  1- 3 |  4- 6 |  7- 9 | 10-12 || total
-------------------------+-------+-------+-------+-------++-------
Melee: Club              |    10 |       |       |       ||    10
       Hand axe          |     6 |       |       |       ||     6
       Mace              |     2 |    14 |   191 |   142 ||   349
 Cast: Magic Dart        |    69 |    69 |   190 |   146 ||   474
       Searing Ray       |     1 |     8 |     7 |     5 ||    21
       Iskenderun's Myst |       |       |    41 |    72 ||   113
       Confuse           |       |       |     8 |    20 ||    28
       Mephitic Cloud    |       |       |       |     1 ||     1
Evoke: Wand              |       |       |       |     5 ||     5
  Use: Scroll            |     5 |     5 |     4 |     4 ||    18
       Potion            |     1 |     1 |     8 |     3 ||    13
 Stab: Sleeping          |       |       |     2 |       ||     2
       Confused          |       |       |       |     3 ||     3
  Eat: Chunk             |     4 |     7 |    22 |    14 ||    47
Armor: Robe              |     3 |       |       |       ||     3
       Leather armour    |       |     7 |    42 |    39 ||    88
Dodge: Dodged            |    13 |    18 |   170 |   161 ||   362

Table legend:
 A = Spawn XP
 B = Non-spawn XP
 C = Spawn XP percentage of total XP
 D = Spawn monster count
 E = Non-spawn monster count
 F = Spawn count percentage of total count
 G = Total turns spent on level
                    A         B        C        D         E        F      G
               +---------+---------+-------+---------+---------+-------+---------
         Total |       0 |   16312 |   0.0 |       0 |     228 |   0.0 | 13351
               +---------+---------+-------+---------+---------+-------+---------
           D:1 |       0 |      58 |   0.0 |       0 |      27 |   0.0 |  1314
           D:2 |       0 |      70 |   0.0 |       0 |      18 |   0.0 |   888
           D:3 |       0 |     512 |   0.0 |       0 |      17 |   0.0 |   611
           D:4 |       0 |     712 |   0.0 |       0 |       3 |   0.0 |   841
           D:5 |       0 |     542 |   0.0 |       0 |      21 |   0.0 |  1475
           D:6 |       0 |     850 |   0.0 |       0 |      18 |   0.0 |  1315
           D:7 |       0 |     864 |   0.0 |       0 |      22 |   0.0 |  1018
           D:8 |       0 |    1470 |   0.0 |       0 |      11 |   0.0 |   803
           D:9 |       0 |    1647 |   0.0 |       0 |      25 |   0.0 |  1259
          D:10 |       0 |    2688 |   0.0 |       0 |      21 |   0.0 |  1184
        Lair:1 |       0 |    3286 |   0.0 |       0 |      18 |   0.0 |  1531
        Lair:2 |       0 |    3451 |   0.0 |       0 |      15 |   0.0 |   704
       Ossuary |       0 |     162 |   0.0 |       0 |      12 |   0.0 |   358
               +---------+---------+-------+---------+---------+-------+---------
